 Dungeon Crawl Stone Soup version 0.31-a0-1370-gf52a5a9ab3 (webtiles) character file.

Game seed: 230713195805663316

7 shadizar the Magician (level 2, -7/22 HPs)
             Began as a Djinni Fire Elementalist on Dec 23, 2023.
             Mangled by a gnoll
             ... wielding a +0 flail
              (11 damage)
             ... on level 1 of the Dungeon.
             The game lasted 00:01:01 (312 turns).

shadizar the Magician (Djinni Fire Elementalist)     Turns: 312, Time: 00:01:02

Health: -7/22      AC:  2    Str:  7    XL:     2   Next: 10%
Gold:   25         EV: 12    Int: 16    God:
                   SH:  0    Dex: 13

rFire   + + .        c - +0 dagger
rCold   x . .        (no shield)
rNeg    . . .        a - +0 robe
rPois   ∞            (no helmet)
rElec   .            (no cloak)
rCorr   .            (no gloves)
SInv    .            (boots unavailable)
Will    .....        (no amulet)
Stlth   ++           (no ring)
HPRegen 0.23/turn    (no ring)
MPRegen 0.00/turn

%: infuse magic (-8 HP)
@: flying
A: sickness immunity, fire resistance 2, cold vulnerability 1, float, innate
caster, HP casting, extra vitality 1
a: no special abilities


You were on level 1 of the Dungeon.
You visited 1 branch of the dungeon, and saw 1 of its levels.

You collected 25 gold pieces.

Inventory:

Hand Weapons
 c - a +0 dagger (weapon)
Armour
 a - a +0 robe (worn)
 d - a +0 cloak
Scrolls
 b - a scroll of summoning {unknown}


   Skills:
 + Level 0.9 Fighting
 - Level 2.1 Dodging
 - Level 1.5 Stealth
 + Level 3.2 Spellcasting
 + Level 3.2 Conjurations
 + Level 3.2 Hexes
 + Level 3.2 Summonings
 + Level 3.2 Necromancy
 + Level 3.2 Translocations
 + Level 3.2 Fire Magic
 + Level 3.2 Ice Magic
 + Level 3.2 Air Magic
 + Level 3.2 Earth Magic
 + Level 3.2 Alchemy


You knew the following spells:

 Your Spells              Type           Power      Damage    Failure   Level
a - Foxfire               Conj/Fire      52%        2x1d6     4%          1
b - Scorch                Fire           26%        2d6       8%          2
c - Volatile Blastmotes   Fire/Tloc      26%        2d12      14%         3
d - Inner Flame           Hex/Fire       13%        N/A       14%         3
e - Flame Wave            Conj/Fire      13%        2d6       43%         4
Your spell library was empty.

Dungeon Overview and Level Annotations

Branches:
Dungeon (1/15)

Altars:


Innate Abilities, Weirdness & Mutations

You are immune to sickness and miasma.
You are immune to poison.
Your flesh is very heat resistant. (rF++)
You are vulnerable to cold. (rC-)
You float through the air rather than walking.
You learn spells naturally, not from books.
Your magical power is your life essence.
You have superior vitality. (+4 MHP)


Message History

You kill the giant cockroach!
You have reached level 2!
The kobold throws a stone.
The stone hits you.
Casting: Foxfire (safe; 4% risk of failure)
Confirm with . or Enter, or press ? or * to list all spells.
You conjure some foxfire!
Casting: Foxfire (safe; 4% risk of failure)
Confirm with . or Enter, or press ? or * to list all spells.
You conjure some foxfire!
The foxfire hits the kobold.
The kobold is moderately wounded.
The foxfire hits the kobold.
You kill the kobold!
Your foxfire dissipates! x2
Things that are here:
a +0 dagger; 2 stones; a kobold corpse
Found a cloak.
A gnoll comes into view. It is wielding a +0 flail.
The gnoll shouts!
You hear a shout!
Found 7 gold pieces.
A hobgoblin comes into view.
The gnoll barely misses you.
A giant cockroach comes into view.
You see here a +0 cloak.
d - a +0 cloak The gnoll closely misses you.
The gnoll barely misses you. The gnoll attacks as it pursues you!
The gnoll hits you with a +0 flail! The gnoll attacks as it pursues you!
The gnoll hits you with a +0 flail.
You see here 7 gold pieces.
Casting: Foxfire (safe; 4% risk of failure)
Confirm with . or Enter, or press ? or * to list all spells.
You conjure some foxfire!
The gnoll hits you with a +0 flail!
* * * LOW HITPOINT WARNING * * *
The foxfire hits the gnoll.
The gnoll is lightly wounded.
The foxfire hits the gnoll.
The gnoll is moderately wounded.
The gnoll attacks as it pursues you! The gnoll hits you with a +0 flail!
Ouch! That really hurt!
You die...

#...............# #......
#...............# ###...#
#.......?.......# #.#.#
#...............# #.#..
#.............# #.###
#.#...........# ####+###
#.#..######.### #.....##
##...Bg###.....#####.....##
#...$.#.#.@...#.#..#.......
#.....#.#g....#.#.)........
#.#.....#.#...†.#.##........
###.##.####.##.######.......
##..## ##..## #....... #.##
#.## #....... # # #.......
## #.....## #.##.......


You could see a gnoll.

Vanquished Creatures
  A bat (D:1)
  A giant cockroach (D:1)
  2 goblins (D:1)
  2 frilled lizards (D:1)
  A kobold (D:1)
  A rat (D:1)
8 creatures vanquished.

Vanquished Creatures (others)
  17 foxfires (D:1)
17 creatures vanquished.

Grand Total: 25 creatures vanquished

Notes
Turn   | Place    | Note
-------+----------+-------------------------------------------
     0 | D:1      | shadizar the Djinni Fire Elementalist began the quest for
                  | the Orb.
     0 | D:1      | shadizar set off with the following spells memorised:
                  | Foxfire, Scorch, Volatile Blastmotes, Inner Flame, Flame
                  | Wave.
     0 | D:1      | Reached XP level 1. HP: 15/15 MP: 0/0
   257 | D:1      | Reached XP level 2. HP: 18/22 MP: 0/0
   312 | D:1      | Mangled by a gnoll

Illustrated notes

Levels and vault maps discovered:
D:1:      dpeg_arrival_connections, layout_basic, nicolae_houndstooth_variations

Action                     || total
---------------------------++-------
  Melee: Unarmed           ||     5
   Cast: Foxfire           ||    11
 Armour: Robe              ||    15
  Dodge: Dodged            ||    13

Table legend: (Time is in decaauts)
 A = Elapsed time spent in this place.
 B = Non-inter-level travel time spent in this place.
 C = Inter-level travel time spent in this place.
 D = Time resting spent in this place.
 E = Time spent auto-exploring this place.
 F = Levels seen in this place.
 G = Mean time per level.
                   A        B        C        D        E       F      G
               +--------+--------+--------+--------+--------+-----+--------+
         Total |    311 |    311 |      0 |      0 |    217 |   1 |  311.0 |
       Dungeon |    311 |    311 |      0 |      0 |    217 |   1 |  311.0 |
               +--------+--------+--------+--------+--------+-----+--------+

Top non-repeatable levels by time:
     D:1: 311 daAuts
